 Dungeon Crawl Stone Soup version 0.21.0-24-g2553a33 (webtiles) character file.

27605 raph the Thaumaturge (level 13, -6/75 HPs)
             Began as a Deep Elf Fire Elementalist on Jan 21, 2018.
             Was a High Priest of Kikubaaqudgha.
             Splashed by an oklob plant's acid (12 damage)
             ... on level 4 of the Lair of Beasts.
             The game lasted 01:07:01 (23833 turns).

raph the Thaumaturge (Deep Elf Fire Elementalist)  Turns: 23833, Time: 01:07:02

Health: -6/75      AC: -5    Str:  6    XL:     13   Next: 5%
Magic:  12/31      EV: 19    Int: 24    God:    Kikubaaqudgha [*****.]
Gold:   178        SH:  8    Dex: 27    Spells: 1/36 levels left

rFire    x . .     SeeInvis .   a - +5 falchion "Ereocza" {pain, rPois rF- MR+}
rCold    . . .     Gourm    +   R - +1 buckler {reflect}
rNeg     . . .     Faith    .   r - +2 leather armour of Aramawne {+Inv rPois Str-2 Dex+8 Stlth-}
rPois    +         Spirit   .   k - +0 helmet
rElec    .         Reflect  +   x - +0 cloak
rCorr    .         Harm     .   F - +1 pair of gloves
MR       ++...                  y - +0 pair of boots
Stlth    ++........             C - amulet of the gourmand
HPRegen  0.22/turn              q - ring of wizardry
MPRegen  0.22/turn              S - ring "Toh Lazo" {Str+2 Dex+3}

@: corroded, drained
A: no striking features
a: Receive Corpses, Torment, Renounce Religion, Evoke Invisibility


You were on level 4 of the Lair of Beasts.
You worshipped Kikubaaqudgha.
Kikubaaqudgha was extremely pleased with you.
You were not hungry.

You visited 3 branches of the dungeon, and saw 16 of its levels.
You also visited: Labyrinth.

You collected 902 gold pieces.
You spent 724 gold pieces at shops.

Inventory:

Hand Weapons
 a - the +5 falchion "Ereocza" (weapon) {pain, rPois rF- MR+}
   (You bought it in a shop on level 7 of the Dungeon)

   In the hands of one skilled in necromantic magic, it inflicts extra damage on
   living creatures.
   It makes you vulnerable to fire.
   It protects you from poison.
   It affects your resistance to hostile enchantments.
 G - the +1 dagger "Guuneogoz" {freeze, rN+ MR++}
   (You took it off a kobold on level 8 of the Dungeon)

   It has been specially enchanted to freeze those struck by it, causing extra
   injury to most foes and up to half again as much damage against particularly
   susceptible opponents.
   It can also slow down cold-blooded creatures.
   It protects you from negative energy.
   It affects your resistance to hostile enchantments.
Missiles
 h - 3 tomahawks of returning (quivered)
Armour
 k - a +0 helmet (worn)
 r - the +2 leather armour of Aramawne (worn) {+Inv rPois Str-2 Dex+8 Stlth-}
   (You found it on level 5 of the Dungeon)

   It affects your strength (-2).
   It affects your dexterity (+8).
   It protects you from poison.
   It lets you turn invisible.
   It makes you less stealthy.
 s - a +2 robe of positive energy
 x - a +0 cloak (worn)
 y - a +0 pair of boots (worn)
 F - a +1 pair of gloves (worn)
 R - a +1 buckler of reflection (worn)
Magical Staves
 b - an uncursed staff of power
Jewellery
 l - an uncursed ring of stealth
 q - a ring of wizardry (left hand)
 C - an amulet of the gourmand (around neck)
 J - an uncursed ring of positive energy
 M - an uncursed ring of see invisible
 S - the ring "Toh Lazo" (right hand) {Str+2 Dex+3}
   (You acquired it on level 1 of the Lair of Beasts)

   [ring of dexterity]

   It affects your strength (+2).
   It affects your dexterity (+3).
Wands
 j - a wand of paralysis (17)
 t - a wand of acid (10)
 u - a wand of digging (21)
 w - a wand of disintegration (40)
 B - a wand of flame (35)
 H - a wand of polymorph (15)
 L - a wand of enslavement (8)
 Q - a wand of random effects (42)
Scrolls
 d - 2 scrolls of fog
 f - 2 scrolls of magic mapping
 g - a scroll of enchant weapon
 i - 3 scrolls of teleportation
 n - 7 scrolls of remove curse
 v - 3 scrolls of fear
 U - 6 scrolls of identify
Potions
 m - 4 potions of curing
 o - 2 potions of berserk rage
 p - 6 potions of invisibility
 D - 2 potions of brilliance
 E - a potion of agility
 N - a potion of flight
 O - a potion of heal wounds
 T - 2 potions of might
Books
 e - a book of the Warp

   Spells                             Type                      Level
   a - Gell's Gravitas                Translocation                3
   b - Portal Projectile              Hexes/Translocation          3
   c - Force Lance                    Conjuration/Translocation    4
   d - Dispersal                      Translocation                6
   e - Controlled Blink               Translocation                8
   f - Disjunction                    Translocation                8
 z - Kikubaaqudgha's Papyrus of Evil
   (Kikubaaqudgha gifted it to you on level 7 of the Dungeon)

   Spells                             Type                      Level
   a - Pain                           Necromancy                   1
   b - Corpse Rot                     Necromancy                   2
   c - Sublimation of Blood           Necromancy                   2
   d - Vampiric Draining              Necromancy                   3
 A - a book of Minor Magic

   Spells                             Type                      Level
   a - Magic Dart                     Conjuration                  1
   b - Blink                          Translocation                2
   c - Call Imp                       Summoning                    2
   d - Slow                           Hexes                        2
   e - Conjure Flame                  Conjuration/Fire             3
   f - Mephitic Cloud                 Conjuration/Poison/Air       3
 I - a book of Party Tricks

   Spells                             Type                      Level
   a - Summon Butterflies             Summoning                    1
   b - Apportation                    Translocation                1
   c - Lesser Beckoning               Translocation                3
   d - Tukima's Dance                 Hexes                        3
   e - Alistair's Intoxication        Transmutation/Poison         5
   f - Invisibility                   Hexes                        6
 K - a book of Flames

   Spells                             Type                      Level
   a - Flame Tongue                   Conjuration/Fire             1
   b - Throw Flame                    Conjuration/Fire             2
   c - Conjure Flame                  Conjuration/Fire             3
   d - Inner Flame                    Hexes/Fire                   3
   e - Sticky Flame                   Conjuration/Fire             4
   f - Fireball                       Conjuration/Fire             5
 P - Kikubaaqudgha's Handbook of Unholy Secrets
   (Kikubaaqudgha gifted it to you on level 10 of the Dungeon)

   Spells                             Type                      Level
   a - Animate Dead                   Necromancy                   4
   b - Borgnjor's Vile Clutch         Necromancy/Earth             5
   c - Dispel Undead                  Necromancy                   5
   d - Simulacrum                     Ice/Necromancy               6
   e - Death Channel                  Necromancy                   6
Comestibles
 c - 30 rations


   Skills:
 + Level 6.5(6.0) Fighting
 - Level 4.0(4.9) Short Blades
 * Level 5.0(5.1) Long Blades
 - Level 2.2(1.8) Armour
 - Level 8.8(8.3) Dodging
 - Level 5.4(5.0) Stealth
 - Level 4.0(3.6) Shields
 - Level 12.2(11.7) Spellcasting
 - Level 6.6(6.2) Conjurations
 + Level 10.5(10.0) Necromancy
 - Level 9.8(9.3) Fire Magic
 - Level 5.1(4.6) Evocations


You had one spell level left.
You knew the following spells:

 Your Spells              Type           Power        Failure   Level  Hunger
a - Flame Tongue          Conj/Fire      #####        1%          1    None
b - Throw Flame           Conj/Fire      ######       1%          2    None
c - Conjure Flame         Conj/Fire      ######..     1%          3    None
d - Inner Flame           Hex/Fire       #####...     1%          3    None
e - Sticky Flame          Conj/Fire      ######..     1%          4    None
f - Fireball              Conj/Fire      ######....   3%          5    ###....
g - Vampiric Draining     Necr           ######....   1%          3    None
h - Blink                 Tloc           N/A          4%          2    None
i - Corpse Rot            Necr           N/A          1%          2    None
j - Sublimation of Blood  Necr           ######....   1%          2    None
k - Animate Dead          Necr           N/A          1%          4    None
l - Force Lance           Conj/Tloc      ####....     9%          4    None


Dungeon Overview and Level Annotations

Branches:
Dungeon (10/15)            Temple (1/1) D:5            Lair (5/6) D:10
  Swamp (0/4) Lair:4        Snake (0/4) Lair:3
  Slime: Lair:5-6       Orc: D:9-12

Altars:
Ashenzari
Cheibriados
Dithmenos
Elyvilon
Fedhas
Gozag
Hepliaklqana
Kikubaaqudgha
Makhleb
Nemelex Xobeh
Okawaru
Qazlal
Ru
Sif Muna
Trog
Uskayaw
Vehumet
Wu Jian
Xom
Yredelemnul
Zin
The Shining One

Shops:
D:4 !   D:5 *   D:7 (

Annotations:
D:3 Sayani's ghost, amateur HOFi
D:5 1 runed door
Lair:4 exclusion: 2 oklob plants


Message History

The splash of acid hits you! The acid corrodes you!
You are splashed with acid!
The acid burns!
Casting: Fireball
Confirm with . or Enter, or press ? or * to list all spells.
Aiming: Fireball
Press: ? - help, Shift-Dir - straight line The fireball explodes!
The fireball engulfs the oklob plant.
The oklob plant is almost destroyed.
The fireball engulfs the plant.
The plant is almost destroyed.
The oklob plant spits acid at you. The splash of acid hits you!
The acid corrodes you!
You are splashed with acid!
The acid burns!
* * * LOW HITPOINT WARNING * * *
The oklob plant spits acid at you. The splash of acid hits you!
* * * LOW HITPOINT WARNING * * *
The acid corrodes you!
You are splashed with acid!
The acid burns!
You die...
Kikubaaqudgha rasps: "You have failed me!
Welcome... death!"

##.#### .#.##Z# ######
#############
.....####[.P..##P.#..#..##P###
.......##$..)$#............#.#
......###$...:#.............##
.......##P=$$.#.............#
........#..?$.#...........###
.......##P....#............#
.......#........@..........##
.......##..................P#
.......P................#...##
.......................##....#
.......PP.#...........###...##
........P##...........###..#.#
........###P........####....##
.<.......###........# ##...###
# #.......###.#.#....####
##....###


You could see an oklob plant.

Vanquished Creatures
  Josephine (Lair:5)
  A minotaur (Lab)
  2 hydras
  2 two-headed ogres
  Pikel (D:4)
  2 oklob plants (Lair:4)
  Joseph (D:10)
  A black mamba (Lair:3)
  2 spiny frogs
  4 komodo dragons
  3 rime drakes
  A troll (D:10)
  A polar bear (Lair:5)
  Prince Ribbit (D:9)
  A hornet (Lair:3)
  6 blink frogs
  8 hippogriffs
  15 yaks
  The ghost of Monsterracer the Covered, an amateur DDFi of Makhleb (D:4)
  A spriggan (Lair:3)
  2 wraiths (Lair:5)
  3 wyverns
  A basilisk (Lair:1)
  2 hungry ghosts
  2 hogs (Lair:5)
  Menkaure (D:6)
  A naga (Lair:3)
  7 water moccasins
  12 porcupines
  2 black bears
  2 ice beasts (D:8)
  6 ogres
  A necrophage (D:8)
  A sky beast (D:7)
  47 wolves
  2 centaurs
  8 crocodiles
  5 big kobolds
  14 bullfrogs
  A wyvern zombie (D:7)
  6 scorpions
  A wyvern skeleton (D:7)
  5 killer bees (D:8)
  A howler monkey (D:5)
  2 bullfrog zombies (D:10)
  4 electric eels (D:10)
  A crimson imp (D:9)
  2 bullfrog skeletons
  10 hounds
  2 orc priests
  A jelly (D:6)
  2 centaur skeletons
  3 iguanas
  3 orc wizards
  10 worker ants
  3 hound skeletons
  Robin (D:2)
  A worker ant zombie (D:8)
  12 adders
  3 gnolls (D:6)
  4 shadow imps
  5 oozes
  A worm (D:6)
  2 dart slugs (D:1)
  3 leopard geckos
  22 orcs
  A ball python (D:3)
  7 giant cockroaches
  18 goblins
  9 hobgoblins
  10 jackals
  4 quokkas
  11 bats
  4 frilled lizards
  2 giant cockroach zombies
  A goblin skeleton (D:5)
  A jackal skeleton (D:5)
  32 kobolds
  A kobold skeleton (D:5)
  A leopard gecko skeleton (D:4)
  A quokka zombie (D:5)
  10 rats
  4 plants (Lair:4)
402 creatures vanquished.

Vanquished Creatures (collateral kills)
  A hippogriff (Lair:4)
  2 wraiths (Lair:5)
  A yak (Lair:3)
  A hog (Lair:5)
  A basilisk (Lair:3)
  2 nagas (Lair:3)
  9 wolves
  2 bullfrogs
  2 bats (Lair:2)
  A plant (Lair:3)
22 creatures vanquished.

Vanquished Creatures (others)
  A slave (D:4)
  2 goblins (D:2)
  A quokka (D:2)
  A bush (Lair:3)
  11 fungi
  9 plants
25 creatures vanquished.

Grand Total: 449 creatures vanquished

Notes
Turn   | Place    | Note
-------+----------+-------------------------------------------
     0 | D:1      | raph the Deep Elf Fire Elementalist began the quest for the Orb.
     0 | D:1      | Reached XP level 1. HP: 10/10 MP: 6/6
     1 | D:1      | Found a runed door.
    94 | D:1      | Reached XP level 2. HP: 8/15 MP: 0/8
   235 | D:1      | Learned a level 2 spell: Throw Flame
   676 | D:1      | Reached XP level 3. HP: 19/19 MP: 5/9
   716 | D:1      | Learned a level 3 spell: Conjure Flame
  1248 | D:2      | Reached XP level 4. HP: 19/24 MP: 6/11
  1327 | D:2      | Found a white marble altar of Elyvilon.
  1357 | D:2      | Learned a level 3 spell: Inner Flame
  1485 | D:2      | Noticed Robin
  1490 | D:2      | Killed Robin
  1916 | D:2      | Reached XP level 5. HP: 26/28 MP: 10/12
  2799 | D:3      | Noticed Sayani's ghost (amateur HOFi)
  2819 | D:4      | Noticed a slave
  2819 | D:4      | Noticed a slave
  2819 | D:4      | Noticed a slave
  2820 | D:4      | Noticed Pikel
  2833 | D:4      | Noticed a slave
  3209 | D:4      | Found Ysedghiyq's Distillery.
  3216 | D:4      | Bought a potion of curing for 39 gold pieces
  3309 | D:4      | Killed Pikel
  3309 | D:4      | Reached skill level 4 in Spellcasting
  3309 | D:4      | Reached skill level 5 in Conjurations
  3309 | D:4      | Reached XP level 6. HP: 15/33 MP: 0/15
  3309 | D:4      | Reached XP level 7. HP: 17/37 MP: 0/16
  3709 | D:4      | Learned a level 4 spell: Sticky Flame
  4281 | D:4      | Noticed Monsterracer's ghost (amateur DDFi)
  4310 | D:5      | Entered Level 5 of the Dungeon
  4312 | D:5      | Reached skill level 5 in Spellcasting
  4611 | D:5      | Found Pecworeh's General Store.
  4838 | D:5      | Reached skill level 1 in Fighting
  5073 | D:5      | Found a runed door.
  5073 | D:5      | Noticed a human
  5089 | D:5      | Found a basalt altar of Yredelemnul.
  5209 | D:5      | Got a dazzling leather armour
  5220 | D:5      | Identified the +2 leather armour of Aramawne {+Inv rPois Str-2 Dex+8 Stlth-} (You found it on level 5 of the Dungeon)
  5816 | D:5      | Reached XP level 8. HP: 43/43 MP: 9/18
  6036 | D:5      | Found a staircase to the Ecumenical Temple.
  6045 | Temple   | Entered the Ecumenical Temple
  6193 | Temple   | Became a worshipper of Kikubaaqudgha
  6217 | D:5      | Learned a level 5 spell: Fireball
  6478 | D:6      | Reached skill level 1 in Armour
  6909 | D:6      | Reached skill level 6 in Spellcasting
  7118 | D:6      | Noticed Menkaure
  7121 | D:6      | Killed Menkaure
  7121 | D:6      | Reached skill level 5 in Stealth
  7849 | D:4      | Killed Monsterracer's ghost
  7849 | D:4      | Reached skill level 5 in Dodging
  7849 | D:4      | Reached XP level 9. HP: 34/49 MP: 0/20
  8319 | D:5      | Bought a book of Minor Magic for 220 gold pieces
  8321 | D:5      | Learned a level 1 spell: Magic Dart
  8324 | D:5      | Learned a level 2 spell: Blink
  8365 | D:7      | Found Yblatuqo's Weapon Shoppe.
  8413 | D:7      | Reached * piety under Kikubaaqudgha
  8413 | D:7      | Identified Kikubaaqudgha's Papyrus of Evil (Kikubaaqudgha gifted it to you on level 7 of the Dungeon)
  8413 | D:7      | Received a gift from Kikubaaqudgha
  8492 | D:7      | Reached skill level 1 in Evocations
  8743 | D:7      | Reached skill level 7 in Spellcasting
  8743 | D:7      | Reached skill level 1 in Necromancy
  9212 | D:7      | Found a sacrificial altar of Ru.
  9216 | D:7      | Found a shadowy altar of Dithmenos.
  9216 | D:7      | Found a deep blue altar of Sif Muna.
  9217 | D:7      | Found a hazy altar of Hepliaklqana.
  9218 | D:7      | Found a burning altar of Makhleb.
 10017 | D:8      | Reached ** piety under Kikubaaqudgha
 10045 | D:8      | Learned a level 2 spell: Corpse Rot
 10404 | D:8      | Noticed a two-headed ogre
 10419 | D:8      | Killed a two-headed ogre
 10419 | D:8      | Reached skill level 8 in Spellcasting
 10419 | D:8      | Reached XP level 10. HP: 46/56 MP: 4/24
 10604 | D:8      | Learned a level 2 spell: Sublimation of Blood
 10635 | D:8      | Got a fine dagger {freeze}
 10636 | D:8      | Identified the cursed +1 dagger "Guuneogoz" {freeze, rN+ MR++} (You took it off a kobold on level 8 of the Dungeon)
 11840 | D:9      | Noticed a two-headed ogre
 11846 | D:9      | Noticed Prince Ribbit
 11851 | D:9      | Killed a two-headed ogre
 12035 | D:9      | Killed Prince Ribbit
 12035 | D:9      | Reached skill level 5 in Necromancy
 12080 | D:9      | Reached skill level 9 in Spellcasting
 12343 | D:9      | Learned a level 3 spell: Vampiric Draining
 12461 | D:10     | Entered Level 10 of the Dungeon
 13362 | D:10     | Noticed Joseph
 13376 | D:10     | Killed Joseph
 13376 | D:10     | Reached skill level 5 in Evocations
 13528 | D:10     | Found a staircase to the Lair.
 13560 | D:10     | Reached *** piety under Kikubaaqudgha
 13560 | D:10     | Identified Kikubaaqudgha's Handbook of Unholy Secrets (Kikubaaqudgha gifted it to you on level 10 of the Dungeon)
 13560 | D:10     | Received a gift from Kikubaaqudgha
 14015 | Lair:1   | Entered Level 1 of the Lair of Beasts
 14035 | Lair:1   | Reached XP level 11. HP: 62/62 MP: 16/26
 14134 | Lair:1   | Reached skill level 5 in Fighting
 15562 | Lair:2   | Reached skill level 10 in Spellcasting
 15823 | Lair:1   | Identified 2 scrolls of acquirement
 15824 | Lair:1   | Got a faintly glowing bone ring
 15826 | Lair:1   | Identified the ring "Toh Lazo" {Str+2 Dex+3} (You acquired it on level 1 of the Lair of Beasts)
 16232 | Lair:2   | Reached skill level 1 in Shields
 16395 | Lair:2   | Noticed a five-headed hydra
 16538 | Lair:2   | Killed a five-headed hydra
 16649 | Lair:2   | Learned a level 4 spell: Animate Dead
 16763 | Lair:2   | Reached **** piety under Kikubaaqudgha
 17524 | Lair:3   | Found a staircase to the Snake Pit.
 17542 | Lair:3   | Reached skill level 11 in Spellcasting
 17721 | Lair:3   | Reached XP level 12. HP: 39/68 MP: 23/29
 17802 | Lair:3   | Noticed a seven-headed hydra
 18350 | D:7      | Bought the +5 falchion "Ereocza" {pain, rPois rF- MR+} for 465 gold pieces
 18737 | Lair:2   | Reached skill level 1 in Short Blades
 19184 | Lair:3   | Killed a seven-headed hydra
 19184 | Lair:3   | Reached skill level 12 in Spellcasting
 20364 | Lair:4   | Found a labyrinth entrance.
 20375 | Lab      | Entered a labyrinth
 20763 | Lab      | Noticed a minotaur
 20770 | Lab      | Killed a minotaur
 20770 | Lab      | Reached skill level 1 in Long Blades
 20910 | Lair:4   | Learned a level 4 spell: Force Lance
 21513 | Lair:4   | Reached skill level 10 in Necromancy
 21664 | Lair:4   | Found a staircase to the Swamp.
 21906 | Lair:4   | Reached ***** piety under Kikubaaqudgha
 22222 | Lair:5   | Noticed Josephine
 22816 | Lair:5   | Killed Josephine
 22818 | Lair:5   | Reached XP level 13. HP: 58/75 MP: 3/31
 23717 | Lair:4   | Reached skill level 5 in Long Blades
 23833 | Lair:4   | Splashed by an oklob plant's acid

Skill      XL: |  1  2  3  4  5  6  7  8  9 10 11 12 13 |
---------------+----------------------------------------+-----
Conjurations   | 2 5 6 |  6.6
Dodging        | 3 5 6 7 8 |  8.8
Fire Magic     | 4 6 7 8 9 |  9.8
Stealth        | 3 4 5 |  5.4
Spellcasting   | 4 5 6 8 9 11 12 | 12.2
Fighting       | 1 2 3 4 5 6 |  6.5
Armour         | 2 |  2.2
Evocations     | 3 5 |  5.1
Necromancy     | 3 5 8 10 | 10.5
Shields        | 3 4 |  4.0
Short Blades   | 4 |  4.0
Long Blades    | 4 5 |  5.0

Action                   |  1- 3 |  4- 6 |  7- 9 | 10-12 | 13-15 || total
-------------------------+-------+-------+-------+-------+-------++-------
Melee: Unarmed           |     2 |       |       |       |       ||     2
       Dagger            |     8 |     9 |    39 |   493 |       ||   549
       Falchion          |       |       |       |    73 |     3 ||    76
       Staff             |       |       |       |       |     2 ||     2
Throw: Tomahawk          |       |     3 |     3 |       |       ||     6
 Cast: Flame Tongue      |    31 |    63 |   159 |   193 |     4 ||   450
       Throw Flame       |    18 |    24 |    59 |    45 |     1 ||   147
       Conjure Flame     |     1 |     3 |    20 |     9 |       ||    33
       Inner Flame       |       |     1 |    11 |     2 |       ||    14
       Sticky Flame      |       |       |    22 |    93 |     1 ||   116
       Fireball          |       |       |     7 |    57 |    18 ||    82
       Blink             |       |       |     1 |     2 |       ||     3
       Magic Dart        |       |       |       |     5 |       ||     5
       Animate Dead      |       |       |       |    26 |       ||    26
       Vampiric Draining |       |       |       |    15 |       ||    15
       Sublimation of Bl |       |       |       |     2 |       ||     2
       Force Lance       |       |       |       |     3 |       ||     3
 Abil: Evoke Invisibilit |       |       |       |     1 |       ||     1
Evoke: Wand              |       |       |       |     5 |       ||     5
  Use: Scroll            |       |     6 |     4 |    17 |       ||    27
       Potion            |       |       |       |     4 |       ||     4
 Stab: Sleeping          |       |     2 |     1 |     6 |       ||     9
       Distracted        |       |       |       |     2 |       ||     2
  Eat: Chunk             |     1 |     7 |    15 |    55 |     1 ||    79
       Ration            |       |       |     5 |     1 |     1 ||     7
Armor: Robe              |     3 |     1 |     4 |       |       ||     8
       Leather armour    |       |     6 |    28 |   174 |     4 ||   212
Dodge: Dodged            |    10 |    19 |    84 |   640 |    11 ||   764
Block: Buckler           |       |       |       |   150 |     4 ||   154
       Reflection        |       |       |       |     2 |       ||     2
       Rpst.: Falchion   |       |       |       |    28 |       ||    28
